 Dungeon Crawl Stone Soup version 0.19-a0-1170-g18f0c96 (webtiles) character file.

61 jacquesderrida the Cudgeler (level 3, -3/30 HPs)
             Began as a Minotaur Warper on Aug 18, 2016.
             Slain by Natasha (4 damage)
             ... on level 2 of the Dungeon.
             The game lasted 00:00:57 (418 turns).

jacquesderrida the Cudgeler (Minotaur Warper)        Turns: 418, Time: 00:00:58

Health: -3/30      AC:  6    Str: 15    XL:     3   Next: 83%
Magic:  4/4        EV: 11    Int: 10    God:
Gold:   38         SH:  0    Dex: 10    Spells: 1 memorised, 3 levels left

rFire  . . .     SeeInvis .     a - +0 mace
rCold  . . .     Gourm    .     i - +0 ring mail
rNeg   . . .     Faith    .     (no shield)
rPois  .         Spirit   .     (helmet restricted)
rElec  .         Dismiss  .     (no cloak)
rCorr  .         Reflect  .     (no gloves)
MR     .....     Harm     .     h - +0 pair of boots
Stlth  ..........               (no amulet)
                                (no ring)
                                (no ring)

@: no status effects
A: retaliatory headbutt, horns 2
a: no special abilities


You were on level 2 of the Dungeon.
You were not hungry.

You visited 1 branch of the dungeon, and saw 2 of its levels.

You collected 38 gold pieces.

Inventory:

Hand Weapons
 a - a +0 mace (weapon)
Missiles
 e - 5 tomahawks of dispersal (quivered)
Armour
 b - a +0 leather armour
 h - a +0 pair of boots (worn)
 i - a +0 ring mail (worn)
Scrolls
 d - a scroll of blinking
 g - 2 scrolls of identify {unknown}
 j - a scroll of recharging {unknown}
Books
 c - a book of Spatial Translocations

   Spells                             Type                      Level
   a - Apportation                    Translocation                1
   b - Blink                          Translocation                2
   c - Shroud of Golubria             Charms/Translocation         2
   d - Portal Projectile              Translocation                3
   e - Teleport Other                 Translocation                3
   f - Passage of Golubria            Translocation                4
Comestibles
 f - 2 bread rations
 k - 4 fruits


   Skills:
 - Level 2.4 Fighting
 + Level 5.1 Maces & Flails
 - Level 1.0 Throwing
 - Level 1.2 Armour
 - Level 2.1 Dodging
 - Level 1.3 Spellcasting
 - Level 2.1 Translocations


You had 3 spell levels left.
You knew the following spells:

 Your Spells              Type           Power        Failure   Level  Hunger
a - Apportation           Tloc           #.........   28%         1    ##.....


Dungeon Overview and Level Annotations

Branches:
Dungeon (2/15)

Altars:

Annotations:
D:2 Natasha


Innate Abilities, Weirdness & Mutations

You reflexively headbutt those who attack you in melee.
You have a pair of horns on your head.


Message History

You hit Natasha.
Natasha is heavily wounded.
Natasha claws you but does no damage.
You completely miss Natasha.
Natasha is heavily wounded.
Natasha barely misses you. You furiously retaliate!
You headbutt Natasha. You barely miss Natasha.
Natasha is heavily wounded.
Natasha barely misses you.
You completely miss Natasha.
Natasha is heavily wounded.
Natasha claws you.
* * * LOW HITPOINT WARNING * * *
You barely miss Natasha. Your headbutt misses Natasha.
Natasha is heavily wounded.
Natasha closely misses you. You furiously retaliate!
You headbutt Natasha. You hit Natasha but do no damage.
Natasha is severely wounded.
Natasha claws you.
You die...

...<........#
#.[....<.#
#.....#.####.
######.......
#..##### ...#######
#..# .(h......#
#..# ...#####h#
#..# ##
##@#########..##...
##...##...........#
#.#.......###.....#
##.#.##.#.# #.###.#
##.###.#.# #.# .#
### #.#.###.# #
#.#.....# #..###..#
##.# #..#


You could see Natasha.

Vanquished Creatures
  Natasha (D:2)
  An ooze (D:1)
  A dart slug (D:1)
  3 giant geckos
  3 bats (D:1)
  3 giant cockroaches (D:1)
  2 goblins (D:1)
  5 hobgoblins (D:1)
  2 jackals (D:2)
  2 kobolds (D:1)
  A giant newt (D:2)
  A rat (D:1)
25 creatures vanquished.

Notes
Turn   | Place    | Note
-------+----------+-------------------------------------------
     0 | D:1      | jacquesderrida the Minotaur Warper began the quest for the Orb.
     0 | D:1      | Reached XP level 1. HP: 18/18 MP: 1/1
    54 | D:1      | Reached skill level 3 in Maces & Flails
    78 | D:1      | Reached XP level 2. HP: 15/25 MP: 3/3
   217 | D:1      | Reached skill level 4 in Maces & Flails
   267 | D:1      | Reached XP level 3. HP: 22/30 MP: 4/4
   350 | D:2      | Noticed Natasha
   356 | D:2      | Killed Natasha
   356 | D:2      | Reached skill level 5 in Maces & Flails
   403 | D:2      | Noticed Natasha
   416 | D:2      | HP: 1/30 [Natasha (1)]
   418 | D:2      | Slain by Natasha

Vault maps used:
D:1:      dpeg_arrival_arbitrary_a
D:2:      uniq_natasha

Skill      XL: |  1  2  3 |
---------------+----------+-----
Maces & Flails | 3 4 5 |  5.1
Fighting       | |  2.4
Throwing       | |  1.0
Armour         | |  1.2
Dodging        | |  2.1
Spellcasting   | |  1.3
Translocations | |  2.1

Action                   || total
-------------------------++-------
Melee: Mace              ||    68
       Headbutt          ||    11
Armor: Leather armour    ||     5
       Ring mail         ||    33
Dodge: Dodged            ||    51
